 Dungeon Crawl Stone Soup version 0.20.1-1-g8b1a95d (webtiles) character file.

162 Jannitor the Vexing (level 5, -1/31 HPs)
             Began as a Deep Elf Arcane Marksman on Sept 24, 2017.
             Slain by a bullfrog (7 damage)
             ... on level 3 of the Dungeon on Sept 25, 2017.
             The game lasted 00:08:02 (3662 turns).

Jannitor the Vexing (Deep Elf Arcane Marksman)      Turns: 3662, Time: 00:08:02

Health: -1/31      AC:  2    Str: 13    XL:     5   Next: 19%
Magic:  7/9        EV: 13    Int: 18    God:
Gold:   90         SH:  0    Dex: 15    Spells: 4/7 levels left

rFire    . . .     SeeInvis .   b - +0 rapier
rCold    . . .     Gourm    .   (no shield)
rNeg     . . .     Faith    .   e - +0 robe
rPois    .         Spirit   .   (no helmet)
rElec    .         Reflect  .   (no cloak)
rCorr    .         Harm     .   (no gloves)
MR       ++...                  (no boots)
Stlth    +.........             (no amulet)
Regen    0.1/turn               g - ring of protection from magic
MPRegen  0.2/turn               j - ring of protection from magic

@: mighty
A: no striking features
a: no special abilities


You were on level 3 of the Dungeon.
You were not hungry.

You visited 1 branch of the dungeon, and saw 3 of its levels.

You collected 90 gold pieces.

Inventory:

Hand Weapons
 a - a +0 shortbow
 b - a +0 rapier (weapon)
 k - a +0 dagger
Missiles
 d - 45 arrows
Armour
 e - a +0 robe (worn)
Jewellery
 g - a ring of protection from magic (left hand)
 j - a ring of protection from magic (right hand)
 q - an uncursed ring of flight
 s - a +5 ring of dexterity {unknown}
Scrolls
 f - a scroll of enchant armour {unknown}
 h - 2 scrolls of amnesia
 l - 3 scrolls of identify {unknown}
 n - a scroll of fog {unknown}
 p - a scroll of immolation {unknown}
 t - a scroll of teleportation {unknown}
 u - a scroll of noise {unknown}
 v - a scroll of remove curse
Potions
 o - a potion of magic {unknown}
 r - 2 potions of curing {unknown}
 w - a potion of haste {unknown}
Books
 c - a book of Debilitation

   Spells                             Type                      Level
   a - Corona                         Hexes                        1
   b - Slow                           Hexes                        2
   c - Inner Flame                    Hexes/Fire                   3
   d - Portal Projectile              Hexes/Translocation          3
   e - Cause Fear                     Hexes                        4
   f - Leda's Liquefaction            Hexes/Earth                  4
Comestibles
 i - a royal jelly


   Skills:
 + Level 2.3 Fighting
 + Level 1.5 Short Blades
 + Level 3.6 Bows
 - Level 2.4 Dodging
 - Level 1.5 Spellcasting
 + Level 5.2 Hexes


You had 4 spell levels left.
You knew the following spells:

 Your Spells              Type           Power        Failure   Level  Hunger
a - Corona                Hex            ###....      2%          1    ##.....
b - Slow                  Hex            ###.....     3%          2    ###....


Dungeon Overview and Level Annotations

Branches:
Dungeon (3/15)

Altars:
Elyvilon
Yredelemnul


Message History

The bullfrog barely misses you.
Casting: Slow
Confirm with . or Enter, or press ? or * to list all spells.
Aiming: Slow
Press: ? - help, Shift-Dir - straight line, f - bullfrog
Aim: a bullfrog (chance to defeat MR: 59%)
The bullfrog seems to slow down.
The bullfrog hits you.
You closely miss the bullfrog. The bullfrog hits you!
You barely miss the bullfrog. The bullfrog closely misses you.
You hit the bullfrog.
The bullfrog is moderately wounded.
The bullfrog hits you.
* * * LOW HITPOINT WARNING * * *
You barely miss the bullfrog.
The bullfrog is moderately wounded.
The bullfrog hits you.
* * * LOW HITPOINT WARNING * * *
You feel very mighty all of a sudden. The bullfrog hits you!
You die...

########
#############......#######
#......).))@F5............
#....########......#######
#....# ##...### #....#
#...# ###....# #...#
#......# ######...#
#......# #.....(..#
#......# #.....(..#
###'#### #..$..5(.#


You could see a bullfrog and a crimson imp.

Vanquished Creatures
  2 orc wizards (D:3)
  2 adders
  An ooze (D:2)
  5 dart slugs
  2 leopard geckos
  6 orcs (D:3)
  7 bats
  A giant cockroach (D:2)
  6 goblins
  4 hobgoblins
  8 jackals (D:2)
  12 kobolds
  A quokka (D:3)
  A ball python (D:1)
  6 frilled lizards
  4 rats
  A spectral orc (D:2)
69 creatures vanquished.

Notes
Turn   | Place    | Note
-------+----------+-------------------------------------------
     0 | D:1      | Jannitor the Deep Elf Arcane Marksman began the quest for the Orb.
     0 | D:1      | Reached XP level 1. HP: 11/11 MP: 5/5
   155 | D:1      | Reached skill level 1 in Fighting
   162 | D:1      | Reached XP level 2. HP: 16/16 MP: 2/6
   966 | D:2      | Reached XP level 3. HP: 20/20 MP: 4/7
  1364 | D:2      | Found a white marble altar of Elyvilon.
  1436 | D:2      | Found a basalt altar of Yredelemnul.
  1761 | D:2      | Learned a level 2 spell: Slow
  2048 | D:2      | Reached XP level 4. HP: 20/26 MP: 8/8
  2389 | D:2      | Reached skill level 1 in Short Blades
  3285 | D:3      | Reached skill level 5 in Hexes
  3298 | D:3      | Reached XP level 5. HP: 7/30 MP: 2/9
  3662 | D:3      | Slain by a bullfrog

Skill      XL: |  1  2  3  4 |
---------------+-------------+-----
Fighting       | 1 2 |  2.3
Bows           | 3 |  3.6
Short Blades   | 1 |  1.5
Hexes          | 5 |  5.2
Dodging        | |  2.4
Spellcasting   | |  1.5

Action                   |  1- 3 |  4- 6 || total
-------------------------+-------+-------++-------
Melee: Rapier            |    22 |    86 ||   108
 Fire: Shortbow          |    94 |    25 ||   119
 Cast: Corona            |    34 |    19 ||    53
       Slow              |       |    11 ||    11
  Use: Scroll            |     2 |       ||     2
       Potion            |       |     2 ||     2
 Stab: Sleeping          |       |     2 ||     2
  Eat: Chunk             |     2 |     4 ||     6
       Bread ration      |     1 |       ||     1
Armor: Robe              |     7 |    15 ||    22
Dodge: Dodged            |    41 |    68 ||   109
